 Dungeon Crawl Stone Soup version 0.28.0-47-ge53b351184 (webtiles) character file.

Game seed: 15961329911985217932

10799 firemarshallily the Spear-Bearer (level 11, -11/68 HPs)
             Began as a Merfolk Summoner on May 5, 2022.
             Was a Believer of Yredelemnul.
             Killed from afar by a tengu conjurer (29 damage)
             ... with a bolt of lightning
             ... on level 11 of the Dungeon.
             The game lasted 01:29:38 (13788 turns).

firemarshallily the Spear-Bearer (MfSu)            Turns: 13788, Time: 01:29:40

Health: -11/68     AC: 12    Str:  9    XL:     11   Next: 67%
Magic:  22/33      EV: 15    Int: 29    God:    Yredelemnul [**....]
Gold:   243        SH:  9    Dex: 15    Spells: 8/26 levels left

rFire   . . .      SeeInvis .   H - +3 trident (vorpal)
rCold   + . .      Faith    .   g - +0 buckler
rNeg    . . .      Spirit   .   S - +2 robe {rC+}
rPois   .          Reflect  +   v - +3 hat of Pondering {ponderous, Will+ MP+10 Int+5}
rElec   .          Harm     .   C - +2 cloak
rCorr   .          Rampage  .   y - +1 pair of gloves
Will    +....                   (boots currently unavailable)
Stlth   +++.......              R - amulet of reflection
HPRegen 0.21/turn               a - ring of wizardry
MPRegen 0.23/turn               o - +6 ring of intelligence

@: forested, very quick
A: nimble swimmer 2, mertail
a: Renounce Religion, Recall Undead Harvest, Dark Bargain


You were on level 11 of the Dungeon.
You worshipped Yredelemnul.
Yredelemnul was noncommittal.
You visited 1 branch of the dungeon, and saw 11 of its levels.
You also visited: Sewer.

You collected 603 gold pieces.
You spent 360 gold pieces at shops.

Inventory:

Hand Weapons
 H - a +3 vorpal trident (weapon)
 I - a +3 trident of freezing
Missiles
 e - 502 stones (quivered)
 i - a throwing net
 q - 15 poisoned darts
 O - a curare-tipped dart
Armour
 g - a +0 buckler (worn)
 v - the +3 hat of Pondering (worn) {ponderous, Will+ MP+10 Int+5}
   (You took it off Gastronok on level 8 of the Dungeon)

   Int:       It affects your intelligence (+5).
   MP:        It affects your magic capacity (+10).
   Will:      It increases your willpower.
 y - a +1 pair of gloves (worn)
 B - a +2 pair of boots (melded)
 C - a +2 cloak (worn)
 Q - the +1 helmet of Daisies {rElec Int-2 Stlth+}
   (You found it on level 9 of the Dungeon)

   Int:       It affects your intelligence (-2).
   rElec:     It insulates you from electricity.
   Stlth:     It makes you more stealthy.
 S - a +2 robe of cold resistance (worn)
Magical Staves
 b - a staff of conjuration
Jewellery
 a - a ring of wizardry (left hand)
 l - a +4 ring of evasion
 o - a +6 ring of intelligence (right hand)
 N - a +6 ring of dexterity
 R - an amulet of reflection (around neck)
Wands
 k - a wand of mindburst (4)
 m - a wand of flame (51)
 r - a wand of digging (9)
 s - a wand of iceblast (14)
 K - a wand of paralysis (12)
Scrolls
 d - 2 scrolls of identify
 f - a scroll of blinking
 h - a scroll of enchant armour
 x - a scroll of teleportation
 A - 2 scrolls of silence
 D - 3 scrolls of magic mapping
 G - 2 scrolls of amnesia
Potions
 c - a potion of might
 j - 2 potions of ambrosia {unknown}
 n - 4 potions of curing
 p - a potion of berserk rage {unknown}
 t - a potion of lignification {unknown}
 u - 3 potions of brilliance
 w - 4 potions of flight
 z - a potion of magic {unknown}
 E - a potion of cancellation {unknown}
 F - a potion of mutation {unknown}
 J - 3 potions of heal wounds {unknown}
 M - 2 potions of haste {unknown}


   Skills:
 - Level 14.0 Polearms
 - Level 3.0 Dodging
 - Level 2.1 Stealth
 - Level 1.1 Shields
 + Level 8.3 Spellcasting
 * Level 12.9 Summonings


You had 8 spell levels left.
You knew the following spells:

 Your Spells              Type           Power      Damage    Failure   Level
a - Summon Small Mammal   Summ           100%       N/A       1%          1
b - Call Canine Familiar  Summ           72%        N/A       1%          3
c - Call Imp              Summ           72%        N/A       1%          2
d - Summon Guardian Gole  Hex/Summ       49%        N/A       1%          3
e - Summon Lightning Spi  Summ/Air       49%        N/A       1%          4
f - Summon Forest         Summ/Tloc      24%        N/A       4%          5

Your spell library contained the following spells:

 Spells                   Type           Power      Damage    Failure   Level
 Freeze                   Ice            48%        1d7       2%          1
 Sublimation of Blood     Necr           12%        N/A       3%          2
 Wereblood                Tmut           12%        N/A       3%          2
 Frozen Ramparts          Ice            24%        1d4       7%          3
 Ozocubu's Armour         Ice            12%        N/A       7%          3
 Summon Hydra             Summ           36%        N/A       11%         7
 Hailstorm                Conj/Ice       12%        3d5       22%         4
 Alistair's Intoxication  Tmut/Pois      8%         N/A       52%         5
 Borgnjor's Vile Clutch   Necr/Erth      6%         N/A       52%         5
 Metabolic Englaciation   Hex/Ice        6%         N/A       52%         5
 Spellforged Servitor     Conj/Summ      24%        N/A       77%         7
 Eringya's Noxious Bog    Tmut/Pois      6%         N/A       96%         6
 Simulacrum               Ice/Necr       6%         N/A       96%         6
 Orb of Destruction       Conj           6%         9d6       100%        7


Dungeon Overview and Level Annotations

Branches:
Dungeon (11/15)            Temple (0/1) D:6             Orc (0/2) D:9
  Sewer (visited)
   Lair: D:8-11

Altars:
Nemelex Xobeh
Vehumet
Wu Jian
Yredelemnul
Zin

Shops:
D:6 [*[[   D:11 [


Innate Abilities, Weirdness & Mutations

You are very nimble when in or above water. (Stealth+, EV+, Speed+++)
Your lower body shifts to a powerful aquatic tail in water.


Message History

The bolt of lightning hits your howler monkey zombie!!
Your howler monkey zombie is destroyed!
Snorg bites the tengu conjurer but does no damage.
Snorg claws the tengu conjurer!
Snorg barely misses the tengu conjurer.
Your rat bites the two-headed ogre.
Your rat bites the two-headed ogre but does no damage.
The tengu conjurer hits Snorg.
The tengu conjurer pecks Snorg.
The tengu conjurer barely misses Snorg.
Blink to where?
Press: ? - help, Dir - move target, p - two-headed ogre Your legs become a tail as you dive into the water.
Your +2 pair of boots melds into your body.
Floosh!
As you read the scroll of blinking, it crumbles to dust.
Snorg closely misses the tengu conjurer. x2
Snorg claws the tengu conjurer but does no damage.
Casting: Summon Small Mammal (safe; 1% risk of failure)
Confirm with . or Enter, or press ? or * to list all spells.
An electric hum fills the air.
Your rat bites the two-headed ogre but does no damage.
Snorg bites the battlesphere.
Snorg claws the battlesphere.
Snorg claws the battlesphere!
The battlesphere is destroyed!
The tengu conjurer casts a spell.
The tengu conjurer conjures a globe of magical energy!
A battlesphere comes into view.
Casting: Summon Lightning Spire (dangerous; 1% risk of failure)
Confirm with . or Enter, or press ? or * to list all spells.
A forested plane collides here with a resounding crunch!
Your dryad calls out to the forest.
The forest starts to sway and rumble!
You hear a howl!
Your two-headed ogre zombie hits the warg.
Your two-headed ogre zombie hits the warg!
Snorg bites the battlesphere!
Snorg claws the battlesphere.
The battlesphere is destroyed!
The tengu conjurer points at you and mumbles some strange words.
The bolt of lightning hits you!!
You die...
Your body rises from the dead as a mindless zombie.

o#. .≈≈≈.. .. ≈≈≈..
#'###≈≈P.
+++#♣♣♣####♣####..o#≈≈..
..............§#..T#≈≈..
...≈≈≈≈≈8≈hZ≈≈Z#####≈≈..
...≈≈≈≈@≈)≈≈Q○≈≈≈≈≈≈≈≈..
...≈≈≈≈RO≈5≈r≈≈*≈≈≈≈≈≈..
..........r.Z...........
.#####...............#..
♣♣.≈............##+
#..≈............#
#≈≈≈#.♣.#.#.'####
#≈≈≈≈.........
#...#.#.#.#...?


You could see a two-headed ogre (ally target), a warg, a tengu conjurer (ally
target), a friendly dryad (summoned), a friendly lightning spire (summoned), a
friendly crimson imp (summoned), a friendly gnoll sergeant zombie, a friendly
two-headed ogre zombie, the friendly Snorg the troll zombie and 2 friendly rats.

Vanquished Creatures
  Gastronok (D:8)
  A two-headed ogre (D:9)
  A centaur zombie (D:10)
  A troll (D:9)
  A wraith (D:7)
  A wyvern (D:10)
  A water moccasin (D:7)
  An ogre (D:7)
  5 centaurs
  2 killer bees (D:10)
  A wight (D:10)
  3 electric eels (D:9)
  A howler monkey (D:11)
  A bullfrog zombie (D:4)
  3 orc priests (D:9)
  Crazy Yiuf (D:6)
  An iguana (D:4)
  4 orc wizards (D:9)
  A killer bee zombie (D:9)
  A hound skeleton (D:4)
  An adder (D:4)
  11 orcs
  3 bats
  A goblin (D:4)
  2 hobgoblins
  A quokka (D:2)
  4 ball pythons
  3 frilled lizards
  5 kobolds
  5 rats
68 creatures vanquished.

Vanquished Creatures (collateral kills)
  Snorg (D:11)
  A boulder beetle (D:10)
  2 two-headed ogres
  Maurice (D:8)
  Psyche (D:9)
  A hornet (D:9)
  Sigmund (D:3)
  A shadow (D:10)
  Eustachio (D:6)
  A steam dragon (D:8)
  A warg (D:11)
  6 orc warriors
  A sky beast (D:7)
  An ice beast (D:7)
  A necrophage (D:4)
  3 ogres
  2 centaurs (D:9)
  2 kobold brigands
  A wyvern zombie (D:9)
  A gnoll sergeant (D:11)
  A water moccasin zombie (D:5)
  2 water moccasin skeletons
  6 killer bees
  13 wights
  2 bullfrog zombies
  A centaur zombie (D:9)
  A hound (D:5)
  A gnoll shaman (D:7)
  A centaur skeleton (D:7)
  Ijyb (D:5)
  5 orc wizards
  3 killer bee zombies
  2 howler monkey zombies
  8 gnolls
  10 adders
  A shadow imp (D:8)
  2 white imps
  2 ufetubi
  3 worms
  7 dart slugs
  31 orcs
  4 bats
  4 endoplasms
  A giant cockroach (D:3)
  5 goblins
  5 hobgoblins
  A jackal (D:2)
  A quokka (D:1)
  11 ball pythons
  6 frilled lizards
  7 kobolds
  3 orc zombies
  5 rats
186 creatures vanquished.

Vanquished Creatures (others)
  A wyvern zombie (D:10)
  A spectral ice beast (D:7)
  3 centaur zombies
  4 killer bee zombies
  An ogre zombie (D:6)
  A howler monkey zombie (D:11)
  An adder zombie (D:4)
  2 electric eel zombies (D:9)
  2 gnoll zombies (D:7)
  A ball python zombie (D:4)
  A hobgoblin zombie (D:4)
  17 orc zombies
  A spectral ufetubus (D:7)
  3 fungi
  8 plants (D:5)
  3 withered plants (D:3)
50 creatures vanquished.

Grand Total: 304 creatures vanquished

Notes
Turn   | Place    | Note
-------+----------+-------------------------------------------
     0 | D:1      | firemarshallily the Merfolk Summoner began the quest for
                  | the Orb.
     0 | D:1      | Reached XP level 1. HP: 13/13 MP: 3/3
   481 | D:1      | Reached XP level 2. HP: 19/19 MP: 1/5
  1086 | D:1      | Reached XP level 3. HP: 24/24 MP: 2/6
  1090 | D:1      | Learned a level 3 spell: Call Canine Familiar
  1093 | D:1      | Learned a level 2 spell: Call Imp
  1830 | D:2      | Reached skill level 1 in Polearms
  2138 | D:2      | Reached XP level 4. HP: 30/30 MP: 2/7
  2654 | D:3      | Reached skill level 5 in Summonings
  3039 | D:3      | Found an ornate altar of the Wu Jian Council.
  3180 | D:3      | Noticed Sigmund
  3228 | D:3      | Reached skill level 2 in Polearms
  3515 | D:3      | Reached XP level 5. HP: 34/35 MP: 5/9
  3560 | D:3      | Found a basalt altar of Yredelemnul.
  3573 | D:3      | Became a worshipper of Yredelemnul the Dark
  4097 | D:4      | Found a glowing silver altar of Zin.
  4098 | D:4      | Found a radiant altar of Vehumet.
  4256 | D:4      | Reached * piety under Yredelemnul
  4357 | D:4      | Reached skill level 3 in Polearms
  4417 | D:4      | Reached XP level 6. HP: 27/41 MP: 10/10
  4497 | D:4      | Found a glowing drain.
  4532 | Sewer    | Entered a sewer
  5173 | D:4      | Noticed a necrophage
  5194 | D:4      | Killed a necrophage
  5195 | D:4      | Reached skill level 4 in Polearms
  5958 | D:5      | Entered Level 5 of the Dungeon
  5976 | D:5      | Learned a level 3 spell: Summon Guardian Golem
  5992 | D:5      | Reached XP level 7. HP: 35/46 MP: 4/12
  6504 | D:5      | Found a sparkling altar of Nemelex Xobeh.
  6522 | D:5      | Reached skill level 5 in Polearms
  6551 | D:5      | Noticed Ijyb
  6563 | D:5      | Killed Ijyb
  6584 | D:5      | Reached ** piety under Yredelemnul
  6908 | D:6      | Found Meho's General Store.
  6955 | D:6      | Found Upuulush's Antique Armour Boutique.
  7043 | D:6      | Reached XP level 8. HP: 52/52 MP: 12/14
  7183 | D:6      | Found Eciokipo's Armour Shop.
  7226 | D:6      | Found a runed translucent door.
  7227 | D:6      | Noticed Crazy Yiuf
  7235 | D:6      | Killed Crazy Yiuf
  7293 | D:6      | Reached skill level 6 in Polearms
  7293 | D:6      | Reached skill level 1 in Shields
  7396 | D:6      | Found Uguggana's Armour Boutique.
  7417 | D:6      | Noticed Eustachio
  7444 | D:6      | Killed Eustachio
  7445 | D:6      | Reached skill level 7 in Polearms
  7707 | D:6      | Found a staircase to the Ecumenical Temple.
  7936 | D:7      | Noticed a wraith
  7977 | D:7      | Killed a wraith
  7978 | D:7      | Reached skill level 5 in Spellcasting
  8336 | D:7      | Reached skill level 8 in Polearms
  8418 | D:7      | Reached XP level 9. HP: 57/57 MP: 5/16
  8648 | D:7      | Reached skill level 9 in Polearms
  9449 | D:7      | Learned a level 4 spell: Summon Lightning Spire
  9492 | D:8      | Reached skill level 10 in Polearms
  9663 | D:8      | Noticed Gastronok
 10130 | D:8      | Killed Gastronok
 10131 | D:8      | Reached skill level 11 in Polearms
 10131 | D:8      | Reached skill level 10 in Summonings
 10131 | D:8      | Reached XP level 10. HP: 63/63 MP: 1/19
 10331 | D:8      | Reached skill level 12 in Polearms
 10398 | D:8      | Noticed Maurice
 10415 | D:8      | Killed Maurice
 10655 | D:8      | You fall into a shaft and drop 1 floor!
 11337 | D:9      | Identified the +1 helmet of Daisies {rElec Int-2 Stlth+}
 11341 | D:9      | Noticed a two-headed ogre
 11348 | D:9      | Killed a two-headed ogre
 11358 | D:9      | Reached skill level 13 in Polearms
 11376 | D:9      | Found a staircase to the Orcish Mines.
 11882 | D:9      | Noticed Psyche
 11912 | D:9      | Killed Psyche
 11913 | D:9      | Reached XP level 11. HP: 68/68 MP: 21/21
 12287 | D:3      | Killed Sigmund
 12397 | D:6      | Bought a ring of wizardry for 360 gold pieces
 12405 | D:6      | Learned a level 5 spell: Summon Forest
 12688 | D:10     | Entered Level 10 of the Dungeon
 12864 | D:10     | Reached skill level 14 in Polearms
 12927 | D:10     | Noticed a two-headed ogre
 12937 | D:10     | Killed a two-headed ogre
 13452 | D:10     | Noticed a boulder beetle
 13465 | D:10     | Killed a boulder beetle
 13632 | D:11     | Noticed Snorg
 13642 | D:11     | Killed Snorg
 13706 | D:11     | Found Tanlar's Armour Emporium.
 13717 | D:11     | Noticed a two-headed ogre
 13726 | D:11     | Killed a two-headed ogre
 13772 | D:11     | Noticed a two-headed ogre
 13788 | D:11     | Killed from afar by a tengu conjurer

Illustrated notes

Levels and vault maps discovered:
D:1:      dpeg_arrival_ternary, layout_basic, minmay_tiny_reverse_x
D:2:      minmay_chambers_of_twos, layout_basic, kennysheep_another_room,
          minmay_misc_feat_more_columns
D:3:      layout_basic, nicolae_wu_jian_immortal_techniques,
          yredelemnul_altar_generic, chequers_serial_rivers_micro_c,
          minmay_curled_crystal, uniq_sigmund
D:4:      layout_basic, nicolae_overflow_squiral, cheibrodos_sewer_entry_bend
D:5:      layout_cave_pools, nemelex_xobeh_ov_fountains_minmay, serial_bayou,
          serial_bayou_shore_b, serial_bayou_pond_a, serial_bayou_crossing,
          serial_bayou_shore_a, kennysheep_generic_room_15, uniq_ijyb
D:6:      layout_gridville, minmay_temple_entry_antechambers, serial_shops,
          nicolae_shop_window_shopping, nicolae_shop_hallway_plus,
          nicolae_stop_n_shop_2, shop, minmay_misc_feat_room, nrook_uturn,
          uniq_crazy_yiuf_cottage, uniq_eustachio
D:7:      minmay_spotlight, layout_loops_ring, kennysheep_generic_room_13
D:8:      layout_rooms, lair_entry_dummy, serial_rivers,
          chequers_serial_rivers_micro_d, chequers_serial_rivers_marsh,
          chequers_serial_rivers_large_a, chequers_serial_rivers_room_b,
          uniq_maurice, uniq_gastronok
D:9:      layout_roguey, erik_orc_2, uniq_psyche
D:10:     layout_basic
D:11:     lemuel_castle_with_subvaults [lemuel_castle_interior_carwin_3],
          layout_stronghold, serial_shops, shop,
          nicolae_shop_bloodbath_and_beyond, nicolae_take_the_stairs, shop,
          shop, serial_glass, glass_columns_c, glass_columns_b, glass_columns_a,
          glass_columns_a, glass_columns_a, fedhas_bush_and_centaur_altar,
          uniq_erolcha, uniq_snorg

Skill      XL: |  1  2  3  4  5  6  7  8  9 10 11 |
---------------+----------------------------------+-----
Dodging        | 3 |  3.0
Polearms       | 1 2 3 4 5 8 11 13 14 | 14.0
Summonings     | 5 6 7 8 10 11 12 | 12.9
Spellcasting   | 3 4 5 6 7 8 |  8.3
Shields        | 1 |  1.1
Stealth        | |  2.1

Action                   |  1- 3 |  4- 6 |  7- 9 | 10-12 || total
-------------------------+-------+-------+-------+-------++-------
Melee: Unarmed           |    12 |       |       |       ||    12
       Dagger            |    34 |       |       |       ||    34
       Spear             |    19 |   101 |    83 |       ||   203
       Tailslap          |       |     8 |     3 |     1 ||    12
       Punch             |       |     1 |       |       ||     1
       Trident           |       |       |    37 |   141 ||   178
Throw: Stone             |     1 |     1 |       |       ||     2
 Cast: Summon Small Mamm |    55 |    51 |    71 |    54 ||   231
       Call Imp          |    11 |    28 |    27 |    22 ||    88
       Call Canine Famil |       |    15 |    32 |    19 ||    66
       Summon Lightning  |       |       |       |    12 ||    12
       Summon Forest     |       |       |       |     3 ||     3
Invok: Recall Undead Har |       |       |       |     7 ||     7
  Use: Scroll            |       |     7 |    11 |     2 ||    20
 Stab: Sleeping          |     2 |     1 |       |       ||     3
       Distracted        |     1 |       |     3 |     7 ||    11
Armor: Robe              |    13 |    22 |    19 |    28 ||    82
Dodge: Dodged            |    41 |   126 |    38 |    37 ||   242
Block: Buckler           |       |       |    10 |    17 ||    27
       Reflection        |       |       |       |     1 ||     1
